 Dungeon Crawl Stone Soup version 0.30-a0-862-g1aabd4f9c5 (webtiles) character file.

Game seed: 6425152087279563741

604 Essalna the Magician (level 7, -5/53 HPs)
             Began as a Djinni Conjurer on Mar 9, 2023.
             Slain by a wight
             ... wielding a +4 short sword of freezing
              (8 damage)
             ... on level 5 of the Dungeon.
             The game lasted 00:06:33 (3491 turns).

Essalna the Magician (Djinni Conjurer)              Turns: 3491, Time: 00:06:34

Health: -5/53      AC:  5    Str:  6    XL:     7   Next: 70%
Gold:   198        EV: 11    Int: 21    God:
                   SH:  4    Dex: 12

rFire   + + .      SeeInvis .    i - +2 dagger (venom)
rCold   x . .      Faith    .    o - +0 buckler
rNeg    . . .      Spirit   .    a - +0 robe
rPois   ∞          Reflect  .    h - +1 helmet
rElec   .          Rampage  .    l - +0 cloak
rCorr   .                        (no gloves)
Will    .....                    (boots unavailable)
Stlth   ++                       (no amulet)
HPRegen 0.28/turn                (no ring)
MPRegen 0.00/turn                (no ring)

@: flying
A: sickness immunity, fire resistance 2, cold vulnerability 1, float, innate
caster, HP casting, extra vitality 1
a: no special abilities


You were on level 5 of the Dungeon.
You visited 1 branch of the dungeon, and saw 5 of its levels.

You collected 198 gold pieces.

Inventory:

Hand Weapons
 c - a +0 dagger
 i - a +2 dagger of venom (weapon)
Armour
 a - a +0 robe (worn)
 h - a +1 helmet (worn)
 l - a +0 cloak (worn)
 o - a +0 buckler (worn)
Jewellery
 r - a ring of fire
Scrolls
 b - 6 scrolls of identify {unknown}
 j - a scroll of blinking {unknown}
 k - a scroll of immolation {unknown}
 m - a scroll of magic mapping {unknown}
 n - a scroll of poison {unknown}
 p - a scroll of teleportation {unknown}
 q - a scroll of fog {unknown}
 t - 3 scrolls of noise {unknown}
Potions
 d - 2 potions of degeneration {unknown}
 e - 3 potions of curing {unknown}
 f - 3 potions of flight {unknown}
 g - a potion of attraction {unknown}
 s - a potion of magic {unknown}
 u - a potion of haste {unknown}
 v - a potion of resistance {unknown}


   Skills:
 + Level 4.5 Fighting
 - Level 2.1 Dodging
 - Level 1.5 Stealth
 + Level 3.5 Shields
 + Level 4.9 Spellcasting


You knew the following spells:

 Your Spells              Type           Power      Damage    Failure   Level
a - Magic Dart            Conj           100%       1d8       1%          1
b - Searing Ray           Conj           50%        2d6       3%          2
c - Dazzling Flash        Conj/Hex       50%        N/A       6%          3
d - Fulminant Prism       Conj/Hex       12%        3d9       19%         4
e - Iskenderun's Mystic   Conj/Tloc      25%        2d7       19%         4
f - Apportation           Tloc           50%        N/A       1%          1
g - Passwall              Tmut/Erth      20%        N/A       3%          2
h - Call Imp              Summ           25%        N/A       3%          2
Your spell library was empty.

Dungeon Overview and Level Annotations

Branches:
Dungeon (5/15)
 Temple: D:4-7

Altars:
Qazlal
Ru
Uskayaw
Xom

Shops:
D:1 (


Innate Abilities, Weirdness & Mutations

You are immune to sickness and miasma.
You are immune to poison.
Your flesh is very heat resistant. (rF++)
You are vulnerable to cold. (rC-)
You float through the air rather than walking.
You learn spells naturally, not from books.
Your magical power is your life essence.
You have superior vitality. (+4 MHP)


Message History

The searing ray hits the wight.
The wight is lightly damaged.
The wight hits you with a +4 hand axe!
The searing ray hits the wight but does no damage.
The wight is almost destroyed.
The searing ray hits the wight but does no damage.
The wight is lightly damaged.
You finish channelling your searing ray.
The wight hits you with a +4 hand axe.
Casting: Searing Ray (safe; 3% risk of failure)
Confirm with . or Enter, or press ? or * to list all spells.
Okay, then.
The wight attacks as you move away! The wight hits you with a +4 hand axe.
The wight attacks as you move away!
The wight hits you with a +4 short sword of freezing.
The wight freezes you. The wight attacks as you move away!
The wight hits you with a +4 hand axe!
There is an open door here.
Casting: Searing Ray (safe; 3% risk of failure)
Confirm with . or Enter, or press ? or * to list all spells.
Aiming: Searing Ray (safe; 3% risk of failure)
Press: ? - help, Shift-Dir - straight line, f - wight
Aim: a wight, wielding a +4 short sword of freezing and wearing a +0 robe (lightly damaged, 79% to hit)
The searing ray hits the wight.
You destroy the wight!
The searing ray hits the wight but does no damage.
The wight is lightly damaged. (Press . to maintain the ray.)
* * * LOW HITPOINT WARNING * * *
The searing ray hits the wight.
The wight is heavily damaged.
* * * LOW HITPOINT WARNING * * *
The wight hits you with a +4 short sword of freezing.
* * * LOW HITPOINT WARNING * * *
The wight freezes you.
* * * LOW HITPOINT WARNING * * *
The searing ray misses the wight.
* * * LOW HITPOINT WARNING * * *
The wight hits you with a +4 short sword of freezing!
You die...

#####'#####....<.....#
#..............##+####
#..............#
#....)........(#
#..............#
#..............#
####..............#
#.......###z############
#......>#...@..........#
#.......#..............#
#.......#..............#
#.......##..###..###...#
#......#'####..###..#######
#......#........#.........#
#......#........#.........#
........+........#....)....#
........#........#.........#


You could see a wight.

Vanquished Creatures
  2 ogres
  2 phantoms
  2 wights (D:5)
  2 jellies
  Robin (D:4)
  3 adders (D:4)
  An ufetubus (D:4)
  2 worms
  6 dart slugs
  6 ball pythons
  6 bats
  5 endoplasms
  4 giant cockroaches
  8 goblins
  10 hobgoblins
  A quokka (D:1)
  4 frilled lizards
  6 kobolds
  3 rats
74 creatures vanquished.

Notes
Turn   | Place    | Note
-------+----------+-------------------------------------------
     0 | D:1      | Essalna the Djinni Conjurer began the quest for the Orb.
     0 | D:1      | Essalna set off with the following spells memorised: Magic
                  | Dart, Searing Ray, Dazzling Flash, Fulminant Prism,
                  | Iskenderun's Mystic Blast.
     0 | D:1      | Reached XP level 1. HP: 15/15 MP: 0/0
   126 | D:1      | Reached XP level 2. HP: 19/22 MP: 0/0
   152 | D:1      | Reached skill level 1 in Fighting
   831 | D:1      | Found Ewamu's Antique Weapon Emporium.
   835 | D:1      | Reached XP level 3. HP: 24/27 MP: 0/0
   835 | D:1      | Learned a level 1 spell: Apportation
  1390 | D:2      | Found a sacrificial altar of Ru.
  1533 | D:2      | Found a faded altar of an unknown god.
  1533 | D:2      | You are sucked into a shaft and drop 2 floors!
  1568 | D:4      | Noticed Robin
  1569 | D:4      | Reached XP level 4. HP: 26/33 MP: 0/0
  1585 | D:4      | Killed Robin
  2024 | D:3      | Found a hide-covered altar of Uskayaw.
  2024 | D:3      | Found a stormy altar of Qazlal.
  2451 | D:4      | Noticed an ogre
  2501 | D:4      | Killed an ogre
  2502 | D:4      | Reached skill level 1 in Shields
  2502 | D:4      | Reached XP level 5. HP: 3/40 MP: 0/0
  2502 | D:4      | Learned a level 2 spell: Passwall
  2695 | D:4      | Reached XP level 6. HP: 44/46 MP: 0/0
  3218 | D:4      | Found a shimmering altar of Xom.
  3265 | D:5      | Entered Level 5 of the Dungeon
  3338 | D:5      | Reached XP level 7. HP: 39/52 MP: 0/0
  3338 | D:5      | Learned a level 2 spell: Call Imp
  3491 | D:5      | Slain by a wight

Illustrated notes

Levels and vault maps discovered:
D:1:      beargit_arrival_greenhouse, layout_loops_corners, serial_shops,
          nicolae_lakefront_shop, dreamdust_princess_bridge,
          minmay_misc_feat_ornament
D:2:      layout_loops_corners, shapermc_ecumenical_altar_gd, basic_altar
D:3:      layout_basic, mainiacjoe_overflow_cross_hatched,
          chequers_temple_overflow_statue_of_worship
D:4:      layout_loops_ring, kennysheep_mini_moat, vehumet_crystals,
          feat_on_display, uniq_robin
D:5:      dreamdust_elfheim, layout_gridville, minmay_temple_entry_poolview,
          corner_web_ring, uniq_eustachio

Skill      XL: |  1  2  3  4  5  6  7 |
---------------+----------------------+-----
Fighting       | 1 2 3 4 |  4.5
Spellcasting   | 4 |  4.9
Shields        | 1 2 3 |  3.5
Dodging        | |  2.1
Stealth        | |  1.5

Action                     |  1- 3 |  4- 6 |  7- 9 || total
---------------------------+-------+-------+-------++-------
   Cast: Magic Dart        |    72 |    89 |    10 ||   171
         Searing Ray       |     1 |     5 |     4 ||    10
 Armour: Robe              |     1 |     6 |       ||     7
  Dodge: Dodged            |     5 |    15 |     1 ||    21
  Block: Buckler           |       |     3 |     1 ||     4

Table legend: (Time is in decaauts)
 A = Elapsed time spent in this place.
 B = Non-inter-level travel time spent in this place.
 C = Inter-level travel time spent in this place.
 D = Time resting spent in this place.
 E = Time spent auto-exploring this place.
 F = Levels seen in this place.
 G = Mean time per level.
                   A        B        C        D        E       F      G
               +--------+--------+--------+--------+--------+-----+--------+
         Total |   3488 |   3353 |    135 |      0 |   2950 |   5 |  697.6 |
       Dungeon |   3488 |   3353 |    135 |      0 |   2950 |   5 |  697.6 |
               +--------+--------+--------+--------+--------+-----+--------+

Top non-repeatable levels by time:
     D:4: 1163 daAuts
     D:1: 975 daAuts
     D:3: 567 daAuts
     D:2: 556 daAuts
     D:5: 225 daAuts
